 BcadrenCrawl: Boulder Brew version 0.06-272-g04a409949d (webtiles) character file.

Game seed: 16120851241199962546, levelgen mode: deterministic

103 CalmDownMonkey the Chopper (level 4, -7/28 HPs) Gargoyle Fighter. Began on Aug 31, 2022. Splashed by a jelly's acid (8 damage) ... on level 2 of the Dungeon on Sept 1, 2022. The game lasted 00:08:40 (1165 turns).

CalmDownMonkey the Chopper (Gargoyle Fighter)       Turns: 1165, Time: 00:08:40

Health: -7/28      AC:  2    Str: 21    XL:     4 ^: 17
Magic:  4/4        EV:  8    Int:  8    God:
Gold:   50         SH:  7    Dex:  9    Spells: 3/3 levels left

rFire    . . .     Slash    +   a - +0 war axe
rCold    . . .     Pierce   .   c - +0 heater shield
rNeg     + . .     Bludgeon +   b - +0 scale mail
rCorr    . . .     Vision   .   (no helmet)
rPois    ∞         Gourm    .   (no cloak)
rElec    +         Faith    .   (no gloves)
MR       .....     Spirit   .   m - +0 pair of boots
HPRegen  0.19/turn Reflect  .   (no amulet)
MPRegen  0.14/turn Harm     .   (no ring)
Stlth    ..........             (no ring)

@: corroded
A: negative energy resistance 1, electricity resistance, unbreathing,
petrification resistance, rot immunity, artificial flesh, AC +2
a: no special abilities


You were on level 2 of the Dungeon.
You were not hungry.

You visited 1 branch of the dungeon, and saw 2 of its levels.

You collected 50 gold pieces.

Inventory:

Weapons
 a - a +0 war axe (weapon)
 k - a +0 club
 n - a +0 club Shields
 c - a +0 heater shield (shield)
Armour
 b - a +0 scale mail (worn)
 m - a +0 pair of boots (worn)
Jewellery
 l - an uncursed ring of resist corrosion
Scrolls
 h - a scroll of enchantment
Potions
 d - a potion of might
 e - a potion of amnesia
 g - 3 potions of curing
 o - a potion of ambrosia
Miscellaneous
 j - a lamp of fire
Comestibles
 f - 3 rations
 i - 3 chunks of flesh


   Skills:
 + Level 3.3 Fighting
 + Level 4.3 Axes & Hammers
 - Level 3.2 Armour
 - Level 3.2 Shields


You had 3 spell levels left.
You didn't know any spells.
Your spell library was empty.

Dungeon Overview and Level Annotations

Branches:
Dungeon (2/8)

Altars:


Innate Abilities, Weirdness & Mutations

You are resistant to torment.
Your stone body is resilient. (AC +2)
You are immune to poison.
You resist negative energy. (rN+)
You are resistant to electric shocks. (rElec)
You can survive without breathing.
You are immune to petrification.
You are immune to rotting.
Your artificial form resists hard blunt hits and is difficult to cut into. (rBludgeoning+ , rSlashing+)


Message History

You kill the ball python!
You hear a splash.
The jelly hits you but does no damage. You block the jelly's attack.
You are too injured to fight recklessly!
You are too injured to fight recklessly!
You hit the jelly (2).
It resists.
The acid corrodes you!
Your hands burn (4).
The jelly is severely wounded. (4/16) HP You block the jelly's attack. x2
You hit the jelly but do no damage.
Your hands burn (3).
The jelly is severely wounded. (4/16) HP The jelly hits you (1).
You resist. The acid corrodes you!
You are splashed with acid (7)!
* * * LOW HITPOINT WARNING * * *
You hit the jelly (1).
It resists.
Your hands burn (1).
* * * LOW HITPOINT WARNING * * *
The jelly is almost dead. (3/16) HP You block the jelly's attack.
The jelly hits you (2). You resist.
* * * LOW HITPOINT WARNING * * *
The acid corrodes you!
You are splashed with acid (8)!
You die... ▒»·%·<·▒▒▒ ▒»»»»»· ▒»··%·»·P▒ b»»»»»»

▒▒········P▒ ▒·»»»»»
▒▒)····▒····P▒
··»»»»»▒▒▒▒······▒»····▒
··»»»»»▒·▒»······▒▒»···▒
▒·»»»»»▒»·········▒▒···▒
▒»»»»»%▒»·········▒ »··▒
▒·»»»»J@···▒·····»»▒ ·»▒
·»·»»»····»▒······»▒
···»»»»▒··▒▒······▒▒
▒···»»»»»▒▒ »······
··»»»»»▒▒▒ ····· ··»»;»»
»·»»»»» ··»»»»»


You could see a jelly and a neutral submerged slimehead (wandering) (passive).

Vanquished Creatures
  3 giant cockroaches (D:1)
  A gnoll (D:1)
  3 cinder newts (D:1)
  A bullfrog (D:2)
  A dart slug (D:1)
  3 leopard geckos
  2 ball pythons (D:2)
  4 hobgoblins (D:1)
  4 bats (D:1)
  2 goblins (D:1)
  A kobold (D:1)
25 creatures vanquished.

Vanquished Creatures (others)
  A giant blowfly (D:2)
  6 withered plants (D:2)
7 creatures vanquished.

Grand Total: 32 creatures vanquished

Notes
Turn   | Place    | Note
-------+----------+-------------------------------------------
     0 | D:1      | CalmDownMonkey the Gargoyle Fighter began the quest for the
                  | Orb.
     0 | D:1      | Reached XP level 1. HP: 14/14 MP: 1/1
    42 | D:1      | Reached skill level 2 in Axes & Hammers
    86 | D:1      | Reached XP level 2. HP: 15/19 MP: 2/2
   128 | D:1      | Reached skill level 3 in Axes & Hammers
   154 | D:1      | Reached XP level 3. HP: 22/23 MP: 3/3
   353 | D:1      | Reached XP level 4. HP: 26/28 MP: 4/4
   590 | D:1      | Reached skill level 4 in Axes & Hammers
  1165 | D:2      | HP: 1/28 [jelly (2)]
  1165 | D:2      | Splashed by a jelly's acid

Levels and vault maps discovered:
D:1:      nzn_arrival_settlement, layout_basic
D:2:      layout_sewer, grunt_gozag_breadcrumbs, uniq_jessica, uniq_ijyb,
          uniq_sigmund, uniq_blork_the_orc

Skill      XL: |  1  2  3  4 |
---------------+-------------+-----
Axes & Hammers | 2 3 4 |  4.3
Fighting       | |  3.3
Armour         | |  3.2
Shields        | |  3.2

Action                   |  1- 3 |  4- 6 || total
-------------------------+-------+-------++-------
Melee: War axe           |    29 |    32 ||    61
       Club              |     3 |     7 ||    10
  Eat: Chunk             |       |     1 ||     1
Armor: Scale mail        |    25 |    24 ||    49
Dodge: Dodged            |     5 |     7 ||    12
Block: Heater shield     |     7 |    21 ||    28
